 Dungeon Crawl Stone Soup version 0.21-a0-151-ga4fe563 (webtiles) character file.

295 AverageBear the Cutter (level 6, 0/36 HPs)
             Began as a Deep Elf Fighter on July 31, 2017.
             Slain by a river rat (4 damage)
             ... in a sewer.
             The game lasted 00:02:49 (1670 turns).

AverageBear the Cutter (Deep Elf Fighter)           Turns: 1670, Time: 00:02:49

Health: 0/36       AC:  7    Str: 17    XL:     6   Next: 11%
Magic:  8/8        EV:  7    Int: 13    God:
Gold:   103        SH:  8    Dex: 14    Spells: 5/5 levels left

rFire    . . .     SeeInvis .   a - +1 rapier
rCold    . . .     Gourm    .   c - +0 shield
rNeg     . . .     Faith    .   b - +0 scale mail
rPois    .         Spirit   .   g - +0 helmet
rElec    .         Reflect  .   (no cloak)
rCorr    .         Harm     .   (no gloves)
MR       +....                  (no boots)
Stlth    ..........             (no amulet)
HPRegen  0.12/turn              e - ring of protection from magic
MPRegen  0.11/turn              m - +2 ring of strength

@: no status effects
A: no striking features
a: no special abilities


You were in a sewer.
You were not hungry.

You visited 1 branch of the dungeon, and saw 3 of its levels.
You also visited: Sewer.

You collected 103 gold pieces.

Inventory:

Hand Weapons
 a - a +1 rapier (weapon)
Armour
 b - a +0 scale mail (worn)
 c - a +0 shield (worn)
 g - a +0 helmet (worn)
Jewellery
 e - a ring of protection from magic (left hand)
 m - a +2 ring of strength (right hand)
Potions
 d - a potion of curing {unknown}
 k - a potion of flight
 p - a potion of invisibility {unknown}
 q - 2 potions of heal wounds
Comestibles
 f - 2 bread rations
 j - a royal jelly


   Skills:
 - Level 2.4 Fighting
 - Level 6.3 Short Blades
 - Level 2.4 Armour
 + Level 1.4 Dodging
 - Level 2.4 Shields


You had 5 spell levels left.
You didn't know any spells.

Dungeon Overview and Level Annotations

Branches:
Dungeon (3/15)

Altars:


Message History

You hit the river rat.
The river rat is moderately wounded.
The rat bites you but does no damage. x2; You block the river rat's attack.
Your shield and scale mail prevent you from hitting the river rat.
The river rat is moderately wounded.
The rat bites you but does no damage. You block the rat's attack.
You block the river rat's attack.
You barely miss the river rat.
The river rat is moderately wounded.
The rat bites you. You block the rat's attack.
You block the river rat's attack.
You hit the river rat.
The river rat is heavily wounded.
You block the rat's attack. x2; The river rat bites you!
* * * LOW HITPOINT WARNING * * *
You closely miss the river rat.
The river rat is heavily wounded.
The rat bites you but does no damage. You block the rat's attack.
The river rat bites you.
You die...

##### ##### ##..∩# ### #
#∩..#####..### ##...#
######...##..#####......
..#####.......##r.......
....##..........@.......
................rr......
......................≈.
..≈.≈≈≈...............≈≈
≈≈≈≈≈≈≈≈≈.≈.....≈≈..≈≈≈≈
≈≈≈≈≈≈≈≈≈≈.≈..≈≈≈≈≈≈≈≈≈≈
≈≈≈≈≈≈≈≈≈≈≈≈≈≈≈≈≈≈≈≈≈≈≈≈
≈≈≈≈≈≈≈≈≈≈≈≈≈≈≈≈≈≈≈≈≈≈≈≈
≈≈≈≈≈≈≈≈≈.≈.≈


You could see a river rat and 2 rats.

Vanquished Creatures
  The ghost of FlipFlop the Skirmisher, an amateur GrAK of Lugonu (D:3)
  3 adders (D:2)
  3 river rats
  An ooze (D:2)
  A worm (D:2)
  4 leopard geckos
  2 ball pythons
  3 bats (D:2)
  A giant cockroach (D:1)
  6 goblins
  2 hobgoblins
  3 jackals (D:2)
  4 frilled lizards
  12 kobolds
  15 rats
61 creatures vanquished.

Notes
Turn   | Place    | Note
-------+----------+-------------------------------------------
     0 | D:1      | AverageBear the Deep Elf Fighter began the quest for the Orb.
     0 | D:1      | Reached XP level 1. HP: 13/13 MP: 3/3
   236 | D:1      | Reached XP level 2. HP: 17/18 MP: 4/4
   287 | D:1      | Reached skill level 3 in Short Blades
   821 | D:2      | Reached XP level 3. HP: 15/22 MP: 5/5
   835 | D:2      | Reached skill level 4 in Short Blades
  1142 | D:2      | Reached XP level 4. HP: 27/27 MP: 6/6
  1352 | D:3      | Noticed FlipFlop's ghost (amateur GrAK)
  1363 | D:3      | Killed FlipFlop's ghost
  1363 | D:3      | Reached skill level 6 in Short Blades
  1363 | D:3      | Reached XP level 5. HP: 11/31 MP: 7/7
  1373 | D:3      | Found a glowing drain.
  1380 | D:3      | Reached XP level 6. HP: 13/36 MP: 8/8
  1391 | Sewer    | Entered a sewer
  1420 | Sewer    | Reached skill level 1 in Dodging
  1670 | Sewer    | Slain by a river rat

Vault maps used:
D:1:      lemuel_arrival_muddy
D:2:      kennysheep_generic_room_16
D:3:      nicolae_dithmenos_through_a_glass_darkly, portal_sewer_entry_c
Sewer:    sewer_minmay_treatment

Skill      XL: |  1  2  3  4  5  6 |
---------------+-------------------+-----
Short Blades   | 3 4 6 |  6.3
Dodging        | 1 |  1.4
Fighting       | |  2.4
Armour         | |  2.4
Shields        | |  2.4

Action                   |  1- 3 |  4- 6 || total
-------------------------+-------+-------++-------
Melee: Rapier            |   112 |    78 ||   190
  Use: Scroll            |     2 |     3 ||     5
       Potion            |       |     2 ||     2
  Eat: Chunk             |     1 |     2 ||     3
Armor: Scale mail        |    49 |    41 ||    90
Dodge: Dodged            |    39 |    21 ||    60
Block: Shield            |    49 |    51 ||   100
